 Dungeon Crawl Stone Soup version 0.18.1-50-g88ac8fd (webtiles) character file.

144 COOLMAO the Ducker (level 5, -12/52 HPs)
             Began as a Troll Fighter on Mar 21, 2019.
             Killed by divine providence
             ... invoked by an orc priest
              (16 damage)
             ... on level 4 of the Dungeon.
             The game lasted 00:23:15 (2585 turns).

COOLMAO the Ducker (Troll Fighter)                  Turns: 2585, Time: 00:23:15

Health: -12/52     AC:  5    Str: 25    XL:     5   Next: 5%
Magic:  4/4        EV:  8    Int:  4    God:
Gold:   147        SH:  9    Dex:  9    Spells: 0 memorised, 4 levels left

rFire  . . .     SeeInvis .     a - +0 war axe
rCold  . . .     Gourm    +     b - +0 robe
rNeg   . . .     Faith    .     c - +0 shield
rPois  .         Spirit   .     (helmet restricted)
rElec  .         Dismiss  .     (no cloak)
rCorr  .         Reflect  .     (gloves unavailable)
SustAt .         Harm     .     (boots unavailable)
MR     .....                    (no amulet)
Stlth  +.........               (no ring)
                                (no ring)

@: not resistant to hostile enchantments, very unstealthy
A: unfitting armour, claws 3, fast metabolism 3, gourmand, regeneration 2,
shaggy fur 1, tough skin 2
a: no special abilities


You were on level 4 of the Dungeon.
You were not hungry.

You visited 1 branch of the dungeon, and saw 4 of its levels.

You collected 147 gold pieces.

Inventory:

Hand Weapons
 a - a +0 war axe (weapon)
 n - a +0 rapier
 p - a +0 hand axe
Armour
 b - a +0 robe (worn)
 c - a +0 shield (worn)
 r - the +0 ring mail "Ycyfoxa" {*Drain MR+ Slay+2, unknown}
   (You found it on level 4 of the Dungeon)

   It affects your accuracy and damage with ranged weapons and melee attacks
   (+2).
   It affects your resistance to hostile enchantments.
   It causes draining when unequipped.
Wands
 s - a wand of slowing (22/48)
Scrolls
 i - 2 scrolls of identify {unknown}
 j - a scroll of teleportation {unknown}
 l - a scroll of blinking {unknown}
Potions
 d - a potion of might
 e - 2 potions of ambrosia {unknown}
 f - a potion of degeneration {unknown}
 g - a potion of brilliance {unknown}
 h - a potion of heal wounds {unknown}
 k - a potion of cancellation {unknown}
 o - a potion of curing {unknown}
Comestibles
 q - a meat ration


   Skills:
 + Level 2.8 Fighting
 + Level 2.1 Axes
 + Level 3.4 Dodging
 + Level 0.1 Stealth
 + Level 3.4 Shields


You had 4 spell levels left.
You didn't know any spells.

Dungeon Overview and Level Annotations

Branches:
Dungeon (4/15)
 Temple: D:4-7

Altars:
Yredelemnul
The Shining One

Shops:
D:4 (


Innate Abilities, Weirdness & Mutations

You are too large for most types of armour.
You have claws for hands.
Your metabolism is lightning-fast.
You like to eat raw meat.
You heal very quickly.
You are covered in fur (AC +1).
You have very tough skin (AC +2).


Message History

You barely miss the orc priest. You hit the orc wizard.
The orc wizard is lightly wounded.
The orc priest invokes the aid of Beogh against you.
Pain shoots through your body!
* * * LOW HITPOINT WARNING * * *
You block the orc's attack. The orc wizard hits you with a dagger.
* * * LOW HITPOINT WARNING * * *
The orc priest barely misses you.
You slash the orc wizard!
The orc wizard is severely wounded.
You barely miss the orc.
The orc is heavily wounded.
You closely miss the orc priest. You block the orc wizard's attack.
The orc hits you with a morningstar!
* * * LOW HITPOINT WARNING * * *
The orc wizard mumbles some strange words.
The orc wizard blinks!
The orc priest calls down the wrath of Beogh upon you.
Beogh smites you!
You die...

####..### #.# #........
#.# #.##....#### #.#
...........# ##.# .......#
#.# #..# .......# #.#
##.## ##.....# #.# #.)#
..8....###>####.####
..............go@..#
.......##......oo..#######
..............§....##....#
...§............§..##....#
.......##...........#....#
..........(..............#
.......##.##o............#
....................#....#
.############.############


You could see an orc priest, 2 orc wizards, a gnoll and an orc.

Vanquished Creatures
  A centaur skeleton (D:4)
  A worker ant (D:4)
  2 adders
  An ooze (D:2)
  An adder skeleton (D:4)
  2 dart slugs (D:1)
  A giant gecko (D:1)
  2 orcs (D:4)
  10 bats
  3 giant cockroaches
  8 goblins
  7 hobgoblins
  2 jackals (D:1)
  4 quokkas
  2 giant newts
  7 kobolds
  4 rats
58 creatures vanquished.

Notes
Turn   | Place    | Note
--------------------------------------------------------------
     0 | D:1      | COOLMAO the Troll Fighter began the quest for the Orb.
     0 | D:1      | Reached XP level 1. HP: 22/22 MP: 0/0
   372 | D:1      | Reached XP level 2. HP: 28/29 MP: 1/1
   888 | D:1      | Reached XP level 3. HP: 36/36 MP: 2/2
  1037 | D:2      | Found a faded altar to an unknown god.
  1504 | D:2      | Paralysed by fainting for 8 turns
  1734 | D:3      | Reached XP level 4. HP: 44/44 MP: 3/3
  2119 | D:4      | Found Adajimp's Weapon Emporium.
  2254 | D:4      | Reached XP level 5. HP: 49/52 MP: 4/4
  2273 | D:4      | Got a distressingly furry ring mail
  2328 | D:4      | Found a basalt altar of Yredelemnul.
  2347 | D:4      | Noticed a profane servitor
  2362 | D:4      | Found a glowing golden altar of the Shining One.
  2364 | D:4      | Noticed an angel
  2585 | D:4      | Killed from afar by an orc priest

Skill      XL: |  1  2  3  4 |
---------------+-------------+-----
Dodging        | 3 |  3.4
Shields        | 3 |  3.4
Axes           | 2 |  2.1
Fighting       | |  2.8
Stealth        | |  0.1

Action                   |  1- 3 |  4- 6 || total
-------------------------+-------+-------++-------
Melee: War axe           |   164 |    70 ||   234
  Eat: Bread ration      |     2 |     2 ||     4
       Meat ration       |     1 |       ||     1
Armor: Robe              |   111 |    31 ||   142
Dodge: Dodged            |    90 |    26 ||   116
Block: Shield            |   125 |    33 ||   158
